cohdb
Replays
Latest Replays
All Replays
Popular Replays
Top Player Replays
Match Explorer
How It Works
Community
CoH3 Stats
Reddit
Sign in to upload your games and track your stats! →
Sign in with Steam
Match 44997744
Unlisted
Match 44997744
Overview
Messages
Build Orders
End
Selects Italian Combined Arms Battlegroup
Selects Bersaglieri Squad
Bersaglieri Squad
250 Light Carrier
Bersaglieri Squad
Bersaglieri Squad
Construct Light Support Kompanie
2.5-tonne Medical Truck
Bersaglieri Squad
Selects Bersaglieri Bolster
Bersaglieri Squad
Fire Support Elements
Pak 38 Mechanized Group
Bersaglieri Squad
Selects Breda Model 30 Light Machine Guns
2.5-tonne Medical Truck
Veteran Squad Leaders
Construct Panzerarmee Kommand
Walking Stuka Rocket Launcher
Bersaglieri Squad
Selects Semovente da 75/18 Assault Gun
Selects Strafing Run
Pak 38 Anti-tank Gun Team
Selects Artillery Cover
Panzer III L Medium Tank
Panzerpioneer Squad
PIGEONS ARE FBI DRONES
Bananenratte
Nico-Nico-Nii~~
Chicken ✔
TheWolf
Salacious Salamander
0
0
Comments
sign in to comment!
No comments posted yet!